 Dungeon Crawl Stone Soup version 0.15.0-25-gd84c1e8 (webtiles) character file.

797 Ratboiler the Cudgeler (level 7, -3/62 HPs)
             Began as a Minotaur Berserker on Sept 9, 2014.
             Was an Elder of Trog.
             Splashed by a jelly's acid (11 damage)
             ... on Level 4 of the Dungeon.
             The game lasted 00:08:17 (3927 turns).

Ratboiler the Cudgeler (Minotaur Berserker)         Turns: 3927, Time: 00:08:17

HP  -3/62        AC -9     Str 22      XL: 7   Next: 58%
MP   3/3         EV 10     Int  4      God: Trog [****..]
Gold 126         SH  3     Dex 11      Spells:  0 memorised,  6 levels left

rFire  . . .     SeeInvis .     x - +0 flail
rCold  . . .     Clarity  .     y - +4 ring mail
rNeg   . . .     rCorr    .     B - +0 buckler
rPois  .         rRot     .     (helmet restricted)
rElec  .         Spirit   .     (no cloak)
SustAb .         Warding  .     (no gloves)
rMut   .         Stasis   .     (no boots)
Gourm  .                        (no amulet)
MR     .....                    (no ring)
                                (no ring)

@: corroded equipment, not resistant to hostile enchantments, very unstealthy
A: retaliatory headbutt, horns 2
a: Burn Spellbooks, Berserk, Trog's Hand, Brothers in Arms, Renounce Religion


You were on level 4 of the Dungeon.
You worshipped Trog.
Trog was greatly pleased with you.
You were not hungry.

You visited 1 branch of the dungeon, and saw 4 of its levels.
You also visited: Sewer.

You collected 126 gold pieces.

Inventory:

Hand weapons
 a - a +0 mace
 u - a +0 blowgun
 x - a +0 flail (weapon)
Missiles
 v - 7 poisoned needles
Armour
 b - a +0 animal skin
 n - a +0 ring mail
 p - a +0 chain mail
 y - a +4 ring mail (worn)
 B - a +0 buckler (worn)
Magical devices
 D - a wand of fire (3)
Comestibles
 c - 4 bread rations
 h - 11 fruits
 i - 2 beef jerkies
 l - a meat ration
Scrolls
 d - 3 scrolls of fear {unknown}
 g - 4 scrolls of identify {unknown}
 k - 3 scrolls of teleportation {unknown}
 o - 2 scrolls of enchant weapon {unknown}
 q - 3 scrolls of random uselessness {unknown}
 t - a scroll of recharging {unknown}
 w - a scroll of blinking {unknown}
 A - 3 scrolls of fog {unknown}
 F - a scroll of remove curse {unknown}
Potions
 e - a potion of invisibility {unknown}
 f - 3 potions of curing
 j - a potion of flight {unknown}
 m - 2 potions of might {unknown}
 r - 2 potions of restore abilities {unknown}
 s - 2 potions of degeneration {unknown}
 z - a potion of brilliance {unknown}
 C - a potion of berserk rage {unknown}
 E - a potion of mutation {unknown}


   Skills:
 + Level 5.9 Fighting
 * Level 7.2 Maces & Flails
 + Level 5.5 Armour
 + Level 4.4 Dodging


You had 6 spell levels left.
You didn't know any spells.

Dungeon Overview and Level Annotations

Branches:
Dungeon (4/15)
 Temple: D:4-7

Altars:


Innate Abilities, Weirdness & Mutations

You reflexively headbutt those who attack you in melee.
You have a pair of horns on your head.


Message History

You are too injured to fight recklessly!
You are too injured to fight recklessly!
You hit the jelly but do no damage. The acid corrodes your equipment!
The jelly is severely wounded.
The jelly hits you.
You are splashed with acid!
The acid corrodes your equipment!
The acid burns!
You hit the jelly.
The jelly is severely wounded.
The jelly misses you.
You hit the jelly but do no damage. The acid corrodes your equipment!
The jelly is severely wounded.
The jelly closely misses you. The jelly hits you.
You are splashed with acid!
The acid burns!
* * * LOW HITPOINT WARNING * * *
You hit the jelly.
The jelly is severely wounded.
The jelly hits you.
* * * LOW HITPOINT WARNING * * *
You are splashed with acid!
The acid burns!
You die...

#.#
###...
#.#
#####....
#.##
.......#
#.##
......#
####
.....## #
#.....# #
#.J...#
#@# #.#
#.# #.#
#.# #.#
#.## #..#
#..## #


You could see a jelly.

Vanquished Creatures
  An ogre (D:4)
  A phantom (D:4)
  2 big kobolds (Sewer)
  2 scorpions (D:4)
  A jelly (D:4)
  A vampire bat (D:3)
  An orc wizard (D:3)
  An orc priest (D:2)
  Natasha (thrice) (D:4)
  8 adders
  A green rat (Sewer)
  A white imp (D:4)
  3 giant mites
  3 worms
  An adder skeleton (D:4)
  4 giant geckos
  2 oozes
  11 orcs
  8 ball pythons
  3 goblins
  5 hobgoblins
  A jackal (D:4)
  10 bats
  8 giant cockroaches
  4 giant newts
  14 kobolds
  9 rats
109 creatures vanquished.

Notes
Turn   | Place    | Note
--------------------------------------------------------------
     0 | D:1      | Ratboiler, the Minotaur Berserker, began the quest for the Orb.
     0 | D:1      | Reached XP level 1. HP: 19/19 MP: 1/1
     6 | D:1      | Noticed a lindwurm
     6 | D:1      | Noticed a komodo dragon
     6 | D:1      | Noticed a black mamba
     6 | D:1      | Noticed a six-headed hydra
     6 | D:1      | Noticed a black bear
   207 | D:1      | Reached skill level 4 in Maces & Flails
   226 | D:1      | Reached XP level 2. HP: 27/27 MP: 1/1
   352 | D:1      | Acquired Trog's second power
   560 | D:2      | Reached XP level 3. HP: 9/33 MP: 2/2
  1587 | D:2      | Reached XP level 4. HP: 16/40 MP: 2/2
  1943 | D:3      | Reached skill level 5 in Maces & Flails
  1994 | D:3      | Found a glowing drain.
  2013 | D:3      | Reached XP level 5. HP: 44/47 MP: 2/2
  2044 | Sewer    | Entered a sewer
  2198 | Sewer    | Reached XP level 6. HP: 46/55 MP: 3/3
  2282 | Sewer    | Reached skill level 5 in Fighting
  2282 | Sewer    | Reached skill level 6 in Maces & Flails
  2814 | D:4      | Acquired Trog's third power
  2977 | D:4      | Reached XP level 7. HP: 55/61 MP: 3/3
  3023 | D:4      | Reached skill level 5 in Armour
  3314 | D:4      | Noticed Natasha
  3324 | D:4      | Killed Natasha
  3417 | D:4      | Reached skill level 7 in Maces & Flails
  3767 | D:4      | Noticed Natasha
  3771 | D:4      | Killed Natasha
  3779 | D:4      | Noticed Natasha
  3788 | D:4      | Killed Natasha
  3927 | D:4      | Splashed by a jelly's acid

Action                   |  1- 3 |  4- 6 |  7- 9 || total
-------------------------+-------+-------+-------++-------
Melee: Mace              |    84 |    18 |       ||   102
       Flail             |       |   121 |    67 ||   188
Invok: Berserk           |       |     1 |       ||     1
Evoke: Wand              |       |     1 |       ||     1
  Use: Potion            |     1 |     1 |       ||     2
  Eat: Chunk             |     1 |     6 |     2 ||     9
       Fruit             |       |     1 |     1 ||     2
